 Dungeon Crawl Stone Soup version 0.29.0-13-gc9e81de378 (webtiles) character file.

Game seed: 15935402867394083426

0 sentinel the Ducker (level 1, -3/11 HPs)
             Began as a Spriggan Abyssal Knight on Sept 8, 2022.
             Was a Believer of Lugonu.
             Killed by divine providence
             ... invoked by a smoke demon
              (14 damage)
             ... on level 5 of the Abyss.
             The game lasted 00:02:38 (2038 turns).

sentinel the Ducker (Spriggan Abyssal Knight)       Turns: 2038, Time: 00:02:39

Health: -3/11      AC:  2    Str:  9    XL:     1   Next: 0%
Magic:  3/3        EV: 17    Int: 11    God:    Lugonu [**....]
Gold:   0          SH:  0    Dex: 15    Spells: 0/0 levels left

rFire   . . .      SeeInvis +   a - +1 short sword
rCold   . . .      Faith    .   (no shield)
rNeg    . . .      Spirit   .   b - +0 robe
rPois   .          Reflect  .   (helmet restricted)
rElec   .          Harm     .   (no cloak)
rCorr   .          Rampage  .   (gloves unavailable)
Will    .....                   (boots unavailable)
Stlth   +.........              (no amulet)
HPRegen 0.03/turn               (no ring)
MPRegen 0.08/turn               (no ring)

@: very quick
A: very small, no large weapons, unfitting armour, see invisible, speed 3
a: Renounce Religion, Depart the Abyss, Bend Space


You were on level 5 of the Abyss.
You worshipped Lugonu.
Lugonu was pleased with you.
You visited 0 branches of the dungeon, and saw 0 of its levels.
You visited the Abyss 1 time.

Inventory:

Hand Weapons
 a - a +1 short sword (weapon)
Armour
 b - a +0 robe (worn)


   Skills:
 + Level 2.4 Fighting
 + Level 2.1 Short Blades
 + Level 3.2 Dodging
 + Level 1.7 Invocations


You couldn't memorise any spells.
You didn't know any spells.
Your spell library was empty.

Dungeon Overview and Level Annotations

Branches:
Dungeon (0/15)

Altars:


Innate Abilities, Weirdness & Mutations

You are very small and have problems with some larger weapons.
You are too small for most types of armour.
You have supernaturally acute eyesight. (SInv)
You cover ground extremely quickly. (Speed+++)


Message History

Welcome, sentinel the Spriggan Abyssal Knight.
The heart of this dungeon contains the wondrous artefact, the Orb of Zot.
Lugonu says: Depart the Abyss and spread corruption, my servant! (use the ability menu to exit the Abyss) Press ? for a list of commands and other information.
Found a gateway leading out of the Abyss.
Unknown command.
Found a corrupted altar of Lugonu.
There is a corrupted altar of Lugonu here.
Found a gateway leading deeper into the Abyss.
There is a corrupted altar of Lugonu here.
There is a corrupted altar of Lugonu here.
There is a gateway leading out of the Abyss here.
There is a gateway leading out of the Abyss here.
There is a corrupted altar of Lugonu here.
There is a corrupted altar of Lugonu here.
There is a corrupted altar of Lugonu here.
There is a corrupted altar of Lugonu here.
There is a corrupted altar of Lugonu here.
There is a corrupted altar of Lugonu here.
There is a gateway leading deeper into the Abyss here.
You plunge deeper into the Abyss.
Found a corrupted altar of Lugonu.
Found a gateway leading deeper into the Abyss.
Found a gateway leading deeper into the Abyss.
You enter the shallow water.
Moving in this stuff is going to be slow.
There is a gateway leading deeper into the Abyss here.
You plunge deeper into the Abyss.
The abyssal rune of Zot can be found at this depth.
The abyssal matter surrounding you shimmers strangely.
You detect the abyssal rune!
You enter the shallow water.
Moving in this stuff is going to be slow.
A ynoxinul comes into view.
The ynoxinul gestures.
A ynoxinul is nearby!
A great orb of eyes comes into view.
The ynoxinul gestures.
Found a gateway leading deeper into the Abyss.
Found a gateway leading deeper into the Abyss.
There is a gateway leading deeper into the Abyss here.
You plunge deeper into the Abyss.
The abyssal rune of Zot can be found at this depth.
The abyss shimmers again as the detected abyssal rune vanishes from your memory.
Found a gateway leading out of the Abyss.
A large abomination comes into view.
Found a sparkling altar of Nemelex Xobeh.
A will-o-the-wisp comes into view.
The rakshasa weaves an illusion.
The large abomination shimmers and seems to become two!
A small abomination comes into view.
Found a gateway leading deeper into the Abyss.
There is a gateway leading deeper into the Abyss here.
You plunge deeper into the Abyss.
The abyssal rune of Zot can be found at this depth.
The abyssal matter surrounding you shimmers strangely.
You detect the abyssal rune!
You start waiting.
Done waiting.
You start waiting.
Done waiting.
You start waiting.
You hear a distant slurping noise. x5
Done waiting.
You start waiting.
You hear a distant slurping noise. x2
Done waiting.
You start waiting.
Done waiting.
You start waiting.
Done waiting.
You start waiting.
Done waiting.
You start waiting.
Done waiting.
You start waiting.
Done waiting.
You start waiting.
Done waiting.
You start waiting.
Done waiting.
You start waiting.
Done waiting.
You start waiting.
Done waiting.
You start waiting.
Welcome back, sentinel the Spriggan Abyssal Knight.
Lugonu says: Spread carnage and corruption!
Press ? for a list of commands and other information.
You start waiting.
Done waiting.
Unknown command.
You start waiting.
Done waiting.
You start waiting.
A spatial maelstrom comes into view.
A neqoxec comes into view.
A raiju comes into view.
A small abomination comes into view.
A raiju comes into view. x2
A thrashing horror comes into view.
The raiju barks! x3; You hear a bark! x2; The neqoxec shouts!
You hear a shout!
You hear a chilling moan.
You hear a roar! x4; You hear a trumpeting!
You hear a chilling moan. x2; You hear a shout!
You hear a roar!
A small abomination comes into view.
The spatial maelstrom barely misses you. x2
A thrashing horror comes into view.
A raiju comes into view.
A large abomination comes into view.
The thrashing horror moves out of view.
You hear a bark!
You hear a shout! x2; You hear a loud rustle.
You hear a roar!
You hear a shout! x2; You hear a roar!
A large abomination comes into view.
You hear a shout!
You hear a roar!
You hear a bark! x2; You hear a roar!
You hear a bark! x2; You hear a roar!
You hear a trumpeting!
You hear a roar! x3
You hear a bark!
A tormentor comes into view.
A raiju comes into view.
A small abomination comes into view.
You hear a horrible gurgling sound!
You hear a roar!
You hear a horrible gurgling sound! x2; You hear a roar!
You hear a horrible gurgling sound!
You hear a hideous shriek!
You hear a bark!
You hear a shout!
You hear a roar! x3
The spatial maelstrom barely misses you. x2
A starcursed mass comes into view.
A thrashing horror comes into view.
A neqoxec comes into view.
A smoke demon comes into view.
The smoke demon gestures at you. Something smites you!
Ouch! That really hurt!
You die... ### #@# #.v3...X. #hXh.h.X.

#Xh3.h3..
....x.x..
###XXX.x.
2.#...
...#..


You could see a starcursed mass (wandering), a spatial maelstrom, an ancient
zyme (wandering), 3 thrashing horrors, 3 large abominations, a smoke demon, a
tormentor, 5 raiju, 2 neqoxecs and 2 small abominations.

Vanquished Creatures (others)
  An anaconda skeleton (Abyss:5)
  A raiju (Abyss:5)
  2 blink frogs (Abyss:5)
  8 large abominations (Abyss:5)
  10 small abominations (Abyss:5)
  2 jellies (Abyss:5)
  An endoplasm (Abyss:5)
  4 lurking horrors (Abyss:5)
29 creatures vanquished.

Notes
Turn   | Place    | Note
-------+----------+-------------------------------------------
     0 | Abyss:1  | sentinel the Spriggan Abyssal Knight began the quest for
                  | the Orb.
     0 | Abyss:1  | Reached XP level 1. HP: 11/11 MP: 3/3
    10 | Abyss:1  | Found a corrupted altar of Lugonu.
    51 | Abyss:1  | Found a corrupted altar of Lugonu.
    95 | Abyss:1  | Found a corrupted altar of Lugonu.
   191 | Abyss:1  | Found a corrupted altar of Lugonu.
   304 | Abyss:2  | Found a corrupted altar of Lugonu.
   375 | Abyss:3  | Noticed a ynoxinul
   378 | Abyss:3  | Noticed a great orb of eyes
   404 | Abyss:4  | Noticed an efreet
   440 | Abyss:4  | Found a sparkling altar of Nemelex Xobeh.
   440 | Abyss:4  | Noticed a large abomination
   450 | Abyss:4  | Noticed a rakshasa
   453 | Abyss:4  | Noticed a will-o-the-wisp
   478 | Abyss:4  | Noticed a large abomination
   479 | Abyss:4  | Noticed a small abomination
  1020 | Abyss:5  | Killed a large abomination
  1037 | Abyss:5  | Killed a large abomination
  1141 | Abyss:5  | Killed a blink frog
  1163 | Abyss:5  | Killed a large abomination
  1216 | Abyss:5  | Killed a small abomination
  1328 | Abyss:5  | Killed a small abomination
  1416 | Abyss:5  | Killed a small abomination
  1428 | Abyss:5  | Killed a large abomination
  1447 | Abyss:5  | Killed a large abomination
  1447 | Abyss:5  | Killed a large abomination
  1451 | Abyss:5  | Killed a jelly
  1476 | Abyss:5  | Killed a small abomination
  1621 | Abyss:5  | Killed a small abomination
  1690 | Abyss:5  | Killed an anaconda skeleton
  1716 | Abyss:5  | Killed a small abomination
  1722 | Abyss:5  | Killed a small abomination
  1750 | Abyss:5  | Killed a jelly
  1754 | Abyss:5  | Killed a large abomination
  1769 | Abyss:5  | Killed a small abomination
  1771 | Abyss:5  | Killed a raiju
  1777 | Abyss:5  | Killed a small abomination
  1797 | Abyss:5  | Killed a small abomination
  1888 | Abyss:5  | Killed a blink frog
  1912 | Abyss:5  | Killed a large abomination
  2035 | Abyss:5  | Noticed a spatial maelstrom
  2035 | Abyss:5  | Noticed a neqoxec
  2035 | Abyss:5  | Noticed a raiju
  2035 | Abyss:5  | Noticed a small abomination
  2035 | Abyss:5  | Noticed a raiju
  2035 | Abyss:5  | Noticed a raiju
  2036 | Abyss:5  | Noticed a thrashing horror
  2036 | Abyss:5  | Noticed a small abomination
  2036 | Abyss:5  | Noticed a thrashing horror
  2036 | Abyss:5  | Noticed a raiju
  2036 | Abyss:5  | Noticed a large abomination
  2037 | Abyss:5  | Noticed a large abomination
  2037 | Abyss:5  | Noticed a tormentor
  2037 | Abyss:5  | Noticed a raiju
  2037 | Abyss:5  | Noticed a small abomination
  2038 | Abyss:5  | Noticed a starcursed mass
  2038 | Abyss:5  | Noticed a thrashing horror
  2038 | Abyss:5  | Noticed a neqoxec
  2038 | Abyss:5  | Killed from afar by a smoke demon

Illustrated notes

Levels and vault maps discovered:
Abyss:5:  base: Temple, hangedman_shadowy_showcase,
          evilmike_nicolae_abyss_rune_containment_curve, evilmike_abyss_exit_5,
          evilmike_abyss_exit_16, base:
Temple

Action                   || total
-------------------------++-------
Dodge: Dodged            ||     4
